AoeStats
← 西溪梨

Nomad

509057758Analyzed
4v4 RM · 23d ago on Sep 25, 2026· 40m 20s· 8 players
Game mode
Random Map
Map size
231×231
Population
200
Speed
Normal
Resources
Standard
Victory
Conquest
Starting age
Dark Age
Ending age
Imperial Age
RankedLock teamsTeams togetherTeam positionsShared explorationLock speedFull tech treeHidden civsTurbo modeCheats
Victory
Defeat
🇨🇳 Varangians · China
1736
+17
🇨🇳 Dravidians · China
1732
+17
🇨🇳 Spanish · China
1700
+18
🇨🇳 Mongols · China
1692
+18
vs
🇻🇳 Varangians · Vietnam
1816
-21
🇻🇳 Persians · Vietnam
1746
-17
🇻🇳 Dravidians · Vietnam
1726
-17
1695
-15
香香瓜子壳
9:42 Loom
13:31 Feudal Age
17:16 Castle Age
16:50 Double-Bit Axe
17:32 Town Watch
18:48 Bow Saw
26:48 Padded Archer Armor
29:46 Horse Collar
34:12 Wheelbarrow
33:50 Gold Mining
III
4:49 Loom
11:42 Feudal Age
12:16 Double-Bit Axe
13:56 Fletching
16:12 Forging
15:57 Gold Mining
18:54 Horse Collar
19:55 Forging
23:50 Castle Age
26:11 Heavy Plow
26:49 Wheelbarrow
31:07 Bow Saw
36:41 Imperial Age
34:57 Scale Mail Armor
35:13 Hand Cart
34:43 Man-at-Arms
35:09 Gambesons
35:34 Heavy Plow
36:07 Chain Mail Armor
35:51 Long Swordsman
36:43 Two-Handed Swordsman
37:57 Plate Mail Armor
37:38 Squires
37:24 Arson
37:34 Champion
39:10 Elite Skirmisher
40:26 Iron Casting
39:30 Siege Elephant
kibou
13:08 Feudal Age
17:12 Castle Age
15:34 Double-Bit Axe
15:31 Horse Collar
17:32 Fletching
17:56 Loom
18:46 Bodkin Arrow
23:19 Padded Archer Armor
23:38 Bow Saw
25:19 Ballistics
27:23 Leather Archer Armor
40:55 Imperial Age
39:20 Wheelbarrow
西溪梨
13:26 Feudal Age
13:12 Loom
17:02 Castle Age
15:17 Double-Bit Axe
15:56 Fletching
16:18 Fishing Lines
17:56 Bodkin Arrow
24:09 Guard Tower
27:23 Ballistics
29:16 Wheelbarrow
29:44 Bow Saw
31:52 Vendel Legacy
33:11 Gold Mining
36:33 Imperial Age
34:19 Bloodlines
34:30 Husbandry
34:50 Scale Barding Armor
34:59 Forging
34:50 Horse Collar
36:22 Hand Cart
36:49 Chain Barding Armor
36:49 Cavalier
38:17 Plate Barding Armor
39:00 Iron Casting
ĐLucky
8:50 Loom
11:15 Feudal Age
16:15 Bloodlines
23:09 Castle Age
21:23 Scale Barding Armor
22:14 Forging
29:41 Double-Bit Axe
29:55 Horse Collar
36:27 Wheelbarrow
37:41 Husbandry
38:44 Chain Barding Armor
39:42 Iron Casting
DL-ĐệNhị
10:54 Loom
13:05 Feudal Age
17:44 Castle Age
16:20 Double-Bit Axe
17:19 Gold Mining
18:20 Bow Saw
18:32 Horse Collar
19:46 Husbandry
19:57 Fletching
22:48 Bodkin Arrow
23:44 Ballistics
23:58 Bloodlines
25:33 Padded Archer Armor
27:24 Leather Archer Armor
33:12 Elite Skirmisher
35:49 Elite Skirmisher
Seohyun de thuong lam ne`
12:36 Feudal Age
16:49 Castle Age
15:10 Double-Bit Axe
15:21 Fishing Lines
16:25 Loom
28:36 Horse Collar
32:55 Bow Saw
38:48 Wheelbarrow
40:29 Wheelbarrow
VNS_Alibaba_
4:55 Loom
13:06 Feudal Age
17:01 Castle Age
15:51 Double-Bit Axe
17:57 Medium Warships
23:19 Careening
24:19 Bow Saw
26:27 Clinker Construction
28:53 Fletching
30:12 Elite Skirmisher
32:40 Horse Collar
35:29 Wheelbarrow
34:40 Town Watch
35:24 Heavy Plow
36:08 Stone Mining
36:08 Gold Mining
40:29 Imperial Age
38:13 Bodkin Arrow
Connection lost

Rejoining the realm…

Still unreachable

The connection could not be restored.

Session expired

The server has moved on; the page needs a fresh start.